Map: Prion Terraces

Players

Miszu - Winner!

  • Race: Terran Terran
  • League: Master

CookieJar

  • Race: Zerg Zerg
  • League: Master

VOD

Have the link to the VOD?

Description

Time

  • Played on: March 18, 2016, 3:11 p.m.
  • Length: 20:16
Show
View Real Time Build Order
Export as new Build Order

Miszu Terran - Winner!

Build Orders: MMM Bio 

Get SALT Encoding   

  12  0:00  SCV  
  13  0:12  SCV  
  14  0:17  Supply Depot  
  14  0:25  SCV  
  15  0:39  Barracks, SCV  
  16  0:43  Refinery  
  16  0:51  SCV  
  17  1:03  SCV  
  18  1:07  Barracks  
  18  1:15  SCV  
  19  1:22  Barracks  
  19  1:28  Refinery  
  19  1:31  SCV  
  20  1:35  Reaper  
  21  1:46  Orbital Command  
  21  1:55  Reaper  
  21  2:00  Supply Depot  
  22  2:08  Reaper  
  23  2:21  Reaper, SCV  
  25  2:25  Supply Depot  
  25  2:27  Reaper  
  26  2:40  Reaper  
  26  2:44  SCV  
  28  2:53  Reaper  
  29  2:59  Reaper  
  29  3:01  SCV  
  31  3:07  Command Center  
  31  3:12  Reaper  
  32  3:21  SCV  
  34  3:31  Reaper  
  34  3:33  SCV  
  33  3:44  Reaper  
  33  3:45  SCV  
  33  3:47  Barracks Tech Lab  
  34  3:52  Command Center  
  34  3:57  SCV  
  34  4:02  Factory  
  35  4:05  Barracks Reactor  
  35  4:09  SCV  
  36  4:18  Barracks Reactor, Stimpack  
  36  4:21  Barracks Tech Lab  
  36  4:22  SCV  
  36  4:23  Orbital Command  
  37  4:34  SCV  
  38  4:42  Marine  
  38  4:43  Marine x3  
  38  4:44  Combat Shields  
  38  4:48  SCV  
  38  4:49  SCV  
  39  5:00  Marine x2  
  39  5:01  Starport, SCV x2  
  39  5:03  Factory Reactor  
  43  5:12  Orbital Command  
  43  5:13  SCV  
  44  5:19  Supply Depot  
  44  5:23  SCV  
  44  5:24  Engineering Bay  
  44  5:26  SCV  
  46  5:30  Engineering Bay  
  46  5:31  Marine x3  
  49  5:36  Refinery  
  49  5:37  Refinery  
  49  5:38  SCV  
  49  5:39  SCV  
  49  5:41  Marine  
  52  5:49  Marine, SCV  
  54  5:50  Medivac  
  54  5:51  Medivac  
  54  5:52  SCV  
  54  5:53  SCV, Factory Tech Lab  
  60  6:06  Supply Depot, Marine x4  
  60  6:08  Supply Depot, SCV x2  
  66  6:17  Terran Infantry Weapons Level 1, Terran Infantry Armor Level 1  
  66  6:20  SCV x2  
  66  6:24  Marine  
  69  6:26  Marine  
  69  6:27  Marine x2  
  69  6:32  SCV x2  
  74  6:35  Orbital Command  
  74  6:37  Barracks  
  74  6:39  Barracks  
  74  6:41  Marine  
  74  6:44  SCV x2  
  77  6:53  Marine x3  
  75  6:54  Medivac  
  75  6:56  Siege Tank, SCV x2  
  75  6:59  Marine  
  83  7:03  Supply Depot  
  83  7:04  Supply Depot  
  83  7:08  SCV x3  
  85  7:11  Marine x3  
  89  7:17  Marine  
  89  7:20  SCV  
  83  7:23  SCV  
  83  7:26  Marine  
  83  7:28  Marine  
  83  7:29  Marine  
  80  7:30  Marauder  
  80  7:36  Marine  
  80  7:37  Marine  
  78  7:40  SCV  
  78  7:41  SCV x2  
  80  7:44  Marine  
  80  7:46  Marine  
  80  7:47  Marine  
  80  7:50  Marine  
  78  7:52  SCV  
  78  7:53  SCV x2  
  78  7:54  Marine x2  
  80  8:00  Siege Tank  
  80  8:02  Marine  
  80  8:04  Marine, Barracks  
  80  8:05  Marauder, SCV  
  88  8:07  Barracks  
  88  8:08  Medivac  
  88  8:09  Marauder  
  88  8:12  Marine x2  
  93  8:19  Marine  
  94  8:22  Marine, Medivac  
  94  8:26  Marine  
  99  8:30  Marine x3, SCV x2  
  99  8:32  Siege Tank  
  107  8:37  Marine  
  107  8:40  Marine  
  109  8:46  Orbital Command  
  109  8:50  Supply Depot  
  109  8:51  Supply Depot, Marine x4, Medivac, SCV  
  109  8:55  Marine  
  116  8:58  Marine  
  116  8:59  Supply Depot  
  116  9:02  Marine  
  119  9:04  Siege Tank  
  119  9:09  Marine, Marauder  
  125  9:11  Marine  
  125  9:12  Marine x2  
  125  9:13  Marine  
  125  9:15  Marine  
  125  9:16  Armory  
  130  9:19  Marine  
  131  9:27  Marine  
  131  9:29  Marine  
  131  9:30  Marine x3  
  133  9:36  Siege Tank  
  120  9:40  Marine  
  120  9:42  Bunker  
  120  9:44  Supply Depot, Marine x2  
  120  9:45  Marauder  
  125  9:46  Supply Depot  
  125  9:47  Marine  
  125  9:48  Marine x3, Medivac  
  131  9:58  Marine  
  132  10:02  Marine x2  
  132  10:05  Marine  
  135  10:08  Siege Tank  
  135  10:17  Marine  
  135  10:18  Marine x3, Marauder  
  135  10:19  Marine x2  
  141  10:23  Marine  
  136  10:35  Marine x3  
  106  10:36  Marine  
  106  10:38  Medivac x2  
  106  10:41  Marine, Siege Tank  
  106  10:42  Marine, Reaper  
  119  10:56  Marine  
  120  10:57  Marine x4  
  120  10:58  Terran Infantry Armor Level 2, Terran Infantry Weapons Level 2  
  120  10:59  Marine  
  120  11:00  Marine  
  126  11:13  Siege Tank  
  126  11:14  Marine x2  
  126  11:15  Marine x2, Reaper, Marauder, Medivac  
  126  11:17  Marine  
  126  11:18  Marine  
  140  11:19  Orbital Command  
  140  11:26  Command Center  
  140  11:27  Barracks x2  
  140  11:28  Barracks  
  140  11:31  Marine  
  137  11:45  Siege Tank  
  140  11:49  Marine  
  140  11:50  Marine x7  
  148  12:04  Terran Vehicle Weapons Level 1  
  148  12:07  Marine  
  148  12:08  Marine  
  151  12:09  Marine, Marauder x2  
  151  12:10  Refinery  
  151  12:11  Barracks Reactor, Refinery  
  151  12:12  Barracks Tech Lab x2  
  155  12:17  Siege Tank  
  155  12:18  Medivac  
  160  12:25  Marine  
  160  12:26  Marine  
  160  12:27  Marine  
  143  12:30  Marauder x2  
  143  12:37  Marine, Medivac  
  135  12:40  Marine  
  135  12:43  Marine x2  
  141  12:45  Marine  
  141  12:47  Marine  
  141  12:48  Medivac  
  141  12:49  Siege Tank  
  150  12:51  Marauder  
  150  12:57  Marine x3, Marauder  
  153  13:01  Marine x2  
  153  13:03  Marine  
  153  13:05  Marine  
  156  13:07  Medivac  
  156  13:12  Marine  
  136  13:15  Marine x3  
  136  13:18  Marine  
  136  13:19  Marine  
  111  13:21  Siege Tank  
  111  13:23  Marine  
  111  13:24  Marine x2  
  111  13:25  Medivac  
  114  13:30  Marine x2, Marauder  
  114  13:32  Marine  
  114  13:33  Marine, Marauder  
  122  13:36  Marine x2  
  124  13:41  Marine  
  124  13:42  Marine x2  
  124  13:48  Marine  
  128  13:49  Marine  
  128  13:50  Refinery x2, Marine  
  128  13:51  Marauder  
  128  13:52  Marauder  
  128  13:53  Hellion  
  128  13:54  Marine x3  
  139  13:59  Marine x3  
  139  14:02  Orbital Command  
  136  14:10  Marine x3  
  136  14:12  Marine, Marauder  
  136  14:13  Marauder x3  
  136  14:14  Widow Mine  
  144  14:17  Marine x3  
  134  14:28  Marine x3  
  134  14:30  Marine  
  122  14:32  Medivac  
  122  14:33  Marauder  
  122  14:34  Marine x3  
  122  14:35  Marine x3  
  132  14:38  Refinery  
  132  14:43  Hellion  
  132  14:45  Refinery, Marine  
  134  14:46  Marine x2  
  134  14:48  Marine  
  134  14:51  Marine x2  
  134  14:52  Marine x2  
  141  14:53  Marine x2  
  141  14:54  Marine  
  141  14:56  Planetary Fortress  
  145  15:03  Marine  
  145  15:04  Marine x2  
  145  15:05  Hellion  
  150  15:12  Marine x9  
  150  15:13  Medivac  
  161  15:15  Medivac  
  161  15:21  Marine x2  
  161  15:22  Marine  
  163  15:29  Marine  
  163  15:30  Marine  
  128  15:43  Marine x4, Marauder  
  128  15:46  Marine x2  
  128  15:47  Marine x4, Medivac x2  
  128  15:48  Marine  
  143  15:50  Siege Tank  
  143  15:56  Orbital Command  
  146  16:01  Marine x4  
  146  16:02  Supply Depot  
  146  16:04  Supply Depot, Marine x4  
  150  16:05  Marine x2, Marauder x2  
  160  16:17  Medivac  
  148  16:18  Marine  
  148  16:19  Marine x3  
  148  16:22  Marine  
  148  16:23  Marauder  
  148  16:24  Marine  
  116  16:27  Marine x5  
  116  16:29  Medivac, Siege Tank  
  125  16:35  Factory  
  125  16:36  Marine  
  125  16:37  Marine x3  
  125  16:39  Marine  
  129  16:42  Marine  
  129  16:44  Marine x2  
  129  16:45  Marine  
  132  16:54  Marauder  
  132  17:00  Medivac x2  
  138  17:01  Marine  
  138  17:02  Command Center, Marauder  
  138  17:03  Marine  
  138  17:04  Marine x8  
  150  17:15  Marine  
  151  17:19  Marine  
  151  17:20  Factory Tech Lab  
  151  17:21  Marine  
  151  17:22  Marauder  
  155  17:24  Marine x8  
  155  17:27  Siege Tank  
  164  17:48  Marauder  
  164  17:50  Marine  
  164  17:51  Siege Tank, Marine x5, Marauder  
  167  17:57  Marauder  
  174  17:59  Siege Tank  
  174  18:04  Marauder  
  164  18:07  Marine  
  164  18:10  Marauder  
  164  18:12  Marauder  
  158  18:13  Marine  
  158  18:18  Marine x5  
  158  18:19  Marauder  
  150  18:25  Marine x2, Medivac x2  
  156  18:31  Marine x2  
  156  18:33  Marine  
  152  18:36  Marine x5, Siege Tank  
  152  18:37  Siege Tank  
  152  18:40  Marauder  
  165  18:44  Marauder  
  167  18:49  Marauder  
  167  18:53  Marine  
  167  18:54  Medivac  
  167  18:55  Medivac  
  175  19:05  Command Center  
  175  19:08  Siege Tank  
  176  19:30  Marine x6, Marauder  
  176  19:31  Marine x3  
  160  19:32  Marine  
  159  19:47  Orbital Command  
  159  19:48  Marine x8  
  159  19:49  Marauder  
  159  19:50  Marine  
  159  19:51  Marine, SCV  
Show
View Real Time Build Order
Export as new Build Order

CookieJar Zerg 

Build Orders: Hatch First 

Get SALT Encoding   

  12  0:01  Drone  
  13  0:12  Overlord  
  13  0:17  Drone  
  14  0:31  Drone x2  
  14  0:35  Drone  
  17  0:52  Hatchery  
  17  0:54  Drone  
  17  0:58  Drone  
  17  1:03  Extractor  
  17  1:16  Spawning Pool  
  17  1:17  Drone  
  17  1:20  Drone  
  18  1:28  Drone  
  19  1:41  Overlord  
  19  1:50  Drone  
  20  2:05  Zergling x2, Queen  
  20  2:06  Zergling x2  
  20  2:07  Metabolic Boost  
  24  2:11  Zergling x2  
  25  2:15  Drone  
  25  2:18  Queen  
  25  2:22  Drone  
  29  2:28  Drone  
  30  2:37  Drone  
  31  2:42  Queen  
  33  2:44  Overlord  
  33  2:50  Drone x2  
  35  2:55  Zergling x2  
  36  3:01  Overlord  
  36  3:12  Zergling x4  
  33  3:23  Hatchery  
  33  3:24  Zergling x8  
  35  3:28  Baneling Nest  
  31  3:43  Drone x5  
  36  3:52  Drone x2  
  38  3:58  Extractor  
  38  4:02  Drone x4  
  41  4:07  Hatchery  
  40  4:11  Zergling x4  
  42  4:22  Zergling x6  
  42  4:23  Zergling x2  
  46  4:28  Lair  
  46  4:29  Zergling x2  
  46  4:30  Zergling x4  
  48  4:39  Zergling x2  
  48  4:40  Zergling x4  
  45  4:45  Zergling x2  
  45  4:48  Zergling x4  
  45  4:50  Zergling x6  
  50  4:57  Zergling x6  
  53  5:05  Queen  
  55  5:13  Drone x2  
  57  5:16  Overlord x2  
  57  5:24  Drone  
  57  5:25  Drone x3  
  61  5:34  Centrifical Hooks  
  61  5:37  Drone x3  
  61  5:38  Drone x2  
  66  5:46  Drone  
  66  5:47  Drone x3  
  70  5:51  Drone x2  
  72  6:00  Evolution Chamber  
  72  6:02  Zergling x2  
  72  6:03  Zergling x14, Evolution Chamber  
  78  6:10  Zergling x2  
  79  6:14  Overlord x2  
  79  6:15  Overlord  
  79  6:22  Baneling  
  79  6:23  Baneling x5  
  79  6:24  Baneling x10  
  79  6:31  Drone  
  80  6:35  Zergling x6, Zerg Melee Weapons Level 1  
  80  6:36  Zergling x2  
  80  6:37  Hatchery  
  76  6:47  Zergling x8  
  76  6:48  Zergling x12  
  76  6:53  Zergling x6  
  76  6:54  Zergling x6  
  85  6:58  Baneling  
  85  6:59  Baneling  
  86  7:06  Zergling x2  
  86  7:07  Zergling x16  
  93  7:17  Zergling x2  
  93  7:18  Zergling x12  
  92  7:23  Zergling x4  
  83  7:30  Zerg Ground Armor Level 1  
  83  7:32  Drone x6  
  87  7:42  Extractor  
  84  7:45  Drone x4  
  84  7:47  Hatchery  
  84  7:50  Zergling x6  
  87  7:52  Zergling x4  
  88  8:03  Baneling x2  
  88  8:04  Baneling x3  
  88  8:05  Baneling x4  
  86  8:06  Drone x5  
  86  8:07  Drone x3  
  94  8:14  Zergling x2  
  94  8:15  Zergling x12  
  101  8:21  Hatchery  
  100  8:28  Zergling x4  
  100  8:29  Zergling x14  
  100  8:30  Baneling x2  
  109  8:34  Overlord x2  
  109  8:35  Overlord, Spore Crawler  
  109  8:36  Spore Crawler  
  107  8:53  Zerg Melee Weapons Level 2  
  107  9:01  Drone x2  
  107  9:02  Extractor  
  108  9:05  Drone x8  
  108  9:07  Zergling x4  
  108  9:08  Zergling x22  
  128  9:17  Baneling x4  
  128  9:18  Zergling x6  
  128  9:22  Spore Crawler x2  
  128  9:23  Zergling x14  
  136  9:28  Drone  
  129  9:35  Zergling x14  
  129  9:36  Zergling x4  
  122  9:43  Zerg Ground Armor Level 2  
  122  9:53  Spore Crawler  
  122  9:54  Drone x6  
  122  9:55  Spore Crawler, Drone x2  
  122  9:56  Baneling x5, Spore Crawler  
  122  9:57  Zergling x2, Baneling x4  
  122  9:58  Zergling x14  
  135  10:02  Zergling x8  
  139  10:09  Zergling x2  
  139  10:10  Zergling x4  
  139  10:12  Extractor, Hydralisk Den  
  132  10:16  Zergling x22  
  120  10:30  Zergling x2  
  120  10:31  Zergling x12  
  120  10:32  Zergling x2  
  113  10:36  Drone x3  
  113  10:37  Drone x2  
  113  10:40  Baneling x2  
  113  10:42  Zergling x20  
  122  10:54  Muscular Augments  
  122  10:56  Drone x2  
  123  10:59  Zergling x2  
  123  11:00  Infestation Pit, Zergling x18  
  132  11:08  Baneling x2  
  132  11:17  Hydralisk  
  132  11:18  Hydralisk x3  
  136  11:19  Zergling x12  
  136  11:21  Baneling  
  136  11:22  Baneling x6  
  146  11:28  Hatchery  
  128  11:43  Hydralisk x3  
  128  11:44  Hydralisk x3  
  128  11:45  Zergling x18  
  128  11:46  Zergling x2  
  145  11:52  Extractor  
  144  11:54  Zergling x2  
  144  11:57  Overlord  
  144  11:58  Overlord x5  
  144  11:59  Pneumatized Carapace  
  145  12:02  Hive  
  145  12:10  Evolution Chamber  
  145  12:11  Baneling  
  145  12:12  Baneling x4  
  144  12:27  Zergling x2  
  144  12:28  Zergling x32  
  144  12:30  Zergling x2  
  144  12:31  Zergling x28  
  144  12:34  Zergling x2  
  138  12:38  Baneling x3  
  138  12:39  Zergling x2, Baneling x2  
  138  12:40  Zergling x6  
  138  12:42  Queen  
  144  12:45  Zergling x8  
  144  12:49  Baneling  
  144  12:50  Baneling x5  
  144  12:51  Baneling x2  
  148  12:52  Hydralisk x3  
  148  12:53  Zergling x10  
  148  12:54  Zergling x6  
  160  13:01  Zergling x16  
  167  13:10  Hydralisk x2  
  167  13:11  Zergling x2  
  167  13:12  Zergling x6  
  156  13:19  Hydralisk x5  
  141  13:26  Adrenal Glands  
  143  13:28  Baneling x5  
  143  13:29  Baneling  
  143  13:35  Drone  
  143  13:36  Drone x8  
  143  13:38  Baneling x4  
  152  13:48  Zerg Melee Weapons Level 3  
  152  13:51  Zergling x12  
  152  13:52  Zergling x2  
  152  13:55  Zergling x12  
  162  13:56  Zergling x2  
  161  14:05  Zergling x16  
  161  14:06  Zergling x2  
  169  14:12  Hatchery  
  150  14:25  Zergling x2  
  150  14:26  Zergling x34  
  159  14:36  Overseer  
  159  14:40  Baneling x2  
  159  14:41  Zergling x2, Baneling x2  
  159  14:42  Zergling x26  
  173  14:55  Zergling x2  
  173  14:56  Zergling x10  
  173  14:57  Zergling x18  
  188  15:02  Zerg Ground Armor Level 3  
  187  15:18  Zerg Missile Weapons Level 1  
  187  15:19  Hydralisk x4  
  192  15:23  Zergling x2  
  192  15:24  Zergling x24  
  155  15:44  Zergling x22  
  155  15:45  Zergling x6  
  165  15:52  Zergling x2  
  165  15:53  Zergling x18  
  175  16:04  Baneling  
  175  16:05  Baneling x9  
  171  16:12  Baneling x4  
  171  16:18  Zergling x10  
  145  16:19  Zergling x2  
  145  16:20  Hatchery  
  145  16:22  Zergling x6  
  134  16:33  Zergling x2  
  134  16:34  Zergling x16  
  138  16:55  Hydralisk  
  138  16:56  Hydralisk x3  
  138  16:57  Zergling x14  
  138  16:58  Zergling x6  
  138  16:59  Baneling  
  138  17:00  Baneling x10  
  156  17:10  Zergling x6  
  156  17:11  Zergling x12  
  156  17:13  Drone  
  156  17:14  Drone  
  167  17:24  Hatchery  
  166  17:32  Baneling  
  166  17:33  Baneling x7  
  163  17:50  Ultralisk Cavern  
  152  18:04  Zergling x2  
  152  18:05  Zergling x34  
  152  18:19  Zergling x28  
  158  18:20  Zergling x12  
  160  18:28  Zergling x2  
  160  18:29  Zergling x16  
  160  18:31  Hydralisk x2  
  169  18:46  Hatchery  
  169  18:47  Hatchery  
  167  18:56  Viper x5  
  182  19:06  Ultralisk Cavern  
  181  19:14  Baneling x2  
  181  19:15  Baneling x6  
  181  19:16  Zergling x2  
  181  19:17  Zergling x14  
  189  19:19  Baneling  
  189  19:20  Baneling x4  
Tags
 
Composition
MMM Bio
Matchup
TvZ
Add a new tag
Caveats
  • Supply blocks, unpowered buildings, or Contaminate may cause inaccurate times.
  • Supply counts are checked every 10 seconds.